 Dungeon Crawl Stone Soup version 0.28.0-43-g3370ac3207 (webtiles) character file.

Game seed: 364395852190605509

12 tizbic2 the Ducker (level 2, 0/14 HPs)
             Began as a Deep Elf Wanderer on Mar 4, 2022.
             Constricted to death by a ball python (1 damage)
             ... on level 1 of the Dungeon.
             The game lasted 00:02:56 (392 turns).

tizbic2 the Ducker (Deep Elf Wanderer)               Turns: 392, Time: 00:02:57

Health: 0/14       AC:  5    Str:  8    XL:     2   Next: 20%
Magic:  6/6        EV:  9    Int: 18    God:
Gold:   13         SH:  0    Dex: 13    Spells: 3/4 levels left

rFire   . . .      SeeInvis .   a - +0 dagger
rCold   . . .      Faith    .   (no shield)
rNeg    . . .      Spirit   .   d - +0 leather armour
rPois   .          Reflect  .   (no helmet)
rElec   .          Harm     .   (no cloak)
rCorr   .          Rampage  .   g - +1 pair of gloves
Will    .....                   (no boots)
Stlth   +.........              (no amulet)
HPRegen 0.04/turn               (no ring)
MPRegen 0.10/turn               (no ring)

@: constricted
A: frail 1
a: no special abilities


You were on level 1 of the Dungeon.
You visited 1 branch of the dungeon, and saw 1 of its levels.

You collected 13 gold pieces.

Inventory:

Hand Weapons
 a - a +0 dagger (weapon)
 e - a +0 short sword
Missiles
 b - 3 throwing nets (quivered)
Armour
 d - a +0 leather armour (worn)
 g - a +1 pair of gloves (worn)
Wands
 c - a wand of flame (3)
Scrolls
 h - 2 scrolls of immolation


   Skills:
 + Level 1.1 Fighting
 * Level 1.0 Staves
 - Level 1.0 Throwing
 - Level 1.0 Armour
 + Level 3.8 Dodging
 + Level 1.9 Spellcasting
 - Level 2.6 Hexes
 + Level 1.3 Evocations


You had 3 spell levels left.
You knew the following spells:

 Your Spells              Type           Power      Damage    Failure   Level
a - Slow                  Hex            44%        N/A       9%          1

Your spell library contained the following spells:

 Spells                   Type           Power      Damage    Failure   Level
 Confusing Touch          Hex            11%        N/A       26%         3


Dungeon Overview and Level Annotations

Branches:
Dungeon (1/15)

Altars:


Innate Abilities, Weirdness & Mutations

You are frail. (-10% HP)


Message History

You hit the hobgoblin.
The hobgoblin is heavily wounded.
The rat bites you but does no damage. The hobgoblin barely misses you.
You hit the hobgoblin but do no damage.
The hobgoblin is heavily wounded.
The rat bites you but does no damage. The hobgoblin misses you.
You barely miss the hobgoblin.
The hobgoblin is heavily wounded.
The rat twitches its whiskers.
The rat bites you but does no damage. The hobgoblin closely misses you.
You hit the hobgoblin but do no damage.
The hobgoblin is heavily wounded.
The rat barely misses you. The hobgoblin barely misses you.
You hit the hobgoblin.
The hobgoblin is severely wounded.
The rat bites you but does no damage. The hobgoblin hits you.
You hit the hobgoblin but do no damage.
The hobgoblin is severely wounded.
The rat bites you.
The hobgoblin hits you but does no damage.
You hit the hobgoblin.
You kill the hobgoblin!
The rat misses you.
It was a potion of mutation.
You feel extremely strange.
You feel frail. The ball python barely misses you. The ball python grabs you.
The ball python constricts you. The rat completely misses you.
The ball python bites you.
* * * LOW HITPOINT WARNING * * *
The ball python constricts you.
You hit the ball python.
The ball python is moderately wounded.
The rat barely misses you. The ball python barely misses you.
The ball python constricts you.
You closely miss the ball python.
The ball python is moderately wounded.
The rat barely misses you. The ball python bites you.
* * * LOW HITPOINT WARNING * * *
The ball python constricts you.
You die...

## ### .. ...
.##.####
#.#.#.....#.
#..#≈.....≈.
##S#.≈≈..(≈.≈
#@#..≈.≈≈≈.≈.
##r#≈≈≈≈≈≈.≈..
#gS†.g.≈_.≈...
###..#≈≈≈≈≈≈.≈(.
##....#..≈.(≈≈.g.
#......#.≈≈...≈.≈
#######
#..####.#≈...$.≈.
#.....# #..#
##.#.....#.
#.###.#####..#
..#####.#


You could see a hobgoblin, 2 ball pythons and a rat.

Vanquished Creatures
  3 bats (D:1)
  An endoplasm (D:1)
  A hobgoblin (D:1)
  A kobold (D:1)
  2 quokkas (D:1)
  2 ball pythons (D:1)
  A frilled lizard (D:1)
11 creatures vanquished.

Notes
Turn   | Place    | Note
-------+----------+-------------------------------------------
     0 | D:1      | tizbic2 the Deep Elf Wanderer began the quest for the Orb.
     0 | D:1      | tizbic2 set off with the following items: a +0 dagger, 3
                  | throwing nets, a wand of flame (3), a +0 leather armour;
                  | and the following spell memorised: Slow; and the following
                  | spells available to memorise: Confusing Touch
     0 | D:1      | Reached XP level 1. HP: 12/12 MP: 5/5
   309 | D:1      | Found a faded altar of an unknown god.
   337 | D:1      | Reached XP level 2. HP: 16/16 MP: 6/6
   364 | D:1      | Reached skill level 1 in Staves
   390 | D:1      | Gained mutation: You are frail. (-10% HP) [potion of
                  | mutation]
   392 | D:1      | Constricted to death by a ball python

Illustrated notes

Levels and vault maps discovered:
D:1:      grunt_arrival_lava_bath, layout_loops_ring,
          shapermc_ecumenical_altar_starsandcircs

Skill      XL: |  1  2 |
---------------+-------+-----
Staves         | 1 |  1.0
Fighting       | |  1.1
Throwing       | |  1.0
Armour         | |  1.0
Dodging        | |  3.8
Spellcasting   | |  1.9
Hexes          | |  2.6
Evocations     | |  1.3

Action                   || total
-------------------------++-------
Melee: Dagger            ||    69
Throw: Stone             ||    13
       Throwing net      ||     1
  Use: Scroll            ||     2
       Potion            ||     2
Armor: Leather armour    ||    37
Dodge: Dodged            ||    72
